Unix NetHack Version 5.0.0-0 post-release - last build Jun 10 2026 00:39:30 (3ee93aec679c4c4259841fe613dc97188e26a321,branch:main).

Game began 2026-06-18 14:52:22, ended 2026-06-18 18:10:10.

Eymerich, chaotic male elven Priest

                                      #
         #                       -------
       -----------               |.....|                       -----
       |.(.......|############## |.....|         -------####[##..<.|#
      #..........|             ##|.....|         |...).[#      |[..|#
      #|.........|              #|......#    ## #....:.|       ---[-#
      #--|--------              #--.----######  #|.....|          # #
      #####                     #########       #-------          # #
         ####                     #     #      #####  #    ################
         #  ##                    #     #         #                 #  ---.-
 --------#   ########             #     #         #                 #  |...|
 |......|#          ##           ##     #         #                 #  |...|
 |......|#           ###         #      ####------#                 #  |...|
 |.......#    ---------|---    --|--       u..d..|#      ----       ###....|
 |......|     |...........| ###....|        |.....#      |..|          |...|
 |.>....|     |..(........-##  |...|        |....|       |..|          |...|
 --------     |...........|    |...|        |....|       ----          -----
              |...........|    |...|        |....|
              -------------    |...|        ------
                               -----          #

Eymerich the Adept           St:15 Dx:12 Co:16 In:9 Wi:18 Ch:13  Chaotic
Dlvl:6  $:717 HP:0(46) Pw:75(75) AC:1  Xp:8 T:10805  Satiated Stressed

Latest messages:
 You hear the footsteps of a guard on patrol.
 You swap places with Pinky.
 There is an open door here.
 There are many objects here.
 There is an open door here.
 There are many objects here.
 You have a little trouble lifting $ - 13 gold pieces (717 in total).
 J - a knife (2 in total).
 W - a cursed knife.
 Z - an orcish helm.
 g - an orcish helm.
 j - an orcish helm.
 y - a blessed red-eyed shield.
 z - a blessed red-eyed shield.
 You have trouble lifting an orcish chain mail.  Continue? [ynq] (q)
 You have trouble lifting E - an orcish chain mail.
 You have much trouble lifting an orcish chain mail.  Continue? [ynq] (q)
 You have much trouble lifting H - an orcish chain mail.
 You stagger under your heavy load.  Movement is very hard.
 You hear some noises.
 What do you want to drop? [$a-zA-MO-Z or ?*]
 You drop a cursed knife.
 What do you want to drop? [$a-zA-MO-VX-Z or ?*]
 You drop an orcish helm.
 What do you want to drop? [$a-fh-zA-MO-VX-Z or ?*]
 You drop an orcish helm.
 You rebalance your load.  Movement is still difficult.
 What do you want to drop? [$a-fhik-zA-MO-VX-Z or ?*]
 You drop an orcish helm.
 You see here an orcish helm.
 You swap places with Pinky.
 Pinky drops a dwarvish cloak.
 You swap places with Pinky.
 You swap places with Pinky.
 You hear someone counting gold coins.
 The white unicorn butts!
 The white unicorn kicks!
 The white unicorn misses!
 The white unicorn kicks!
 The white unicorn butts!
 The white unicorn kicks!
 You miss the white unicorn.
 The white unicorn butts!
 The white unicorn kicks!
 The white unicorn butts!
 You die...
 Do you want your possessions identified? [ynq] (y)
 Do you want to see your attributes? [ynq] (y)
 Do you want an account of creatures vanquished? [ynaq] (y)
 Do you want to see your conduct and achievements? [ynq] (y)

Inventory:
 Coins    ('$')
  $ - 717 gold pieces
 Weapons  (')')
  o - a +1 arrow
  L - 3 +0 arrows
  p - a blessed +1 bow
  I - 12 +0 darts
  w - 5 +0 daggers (at the ready)
  M - 2 +2 knives
  J - 2 +0 knives
  m - a +0 aklys
  k - a +0 dwarvish mattock
  a - a blessed +3 mace (weapon in right hand)
 Armor    ('[')
  Y - a blessed +3 orcish helm (being worn)
  F - a +0 pair of iron shoes (being worn)
  y - a blessed +1 orcish shield
  z - a blessed +0 orcish shield
  R - a +2 mummy wrapping
  b - a +1 robe (being worn)
  H - a +3 orcish chain mail
  E - a +0 orcish chain mail
 Comestibles  ('%')
  A - a candy bar labeled "Crispy Yum Yum"
  e - a clove of garlic
  h - a cream pie
  U - 3 food rations
  c - a fortune cookie
  n - a lembas wafer
  f - a sprig of wolfsbane
  C - a tripe ration
 Scrolls  ('?')
  l - 2 scrolls of teleportation
 Potions  ('!')
  T - a potion of confusion
  G - 3 potions of healing
  i - a potion of object detection
  D - 2 potions of paralysis
  d - 2 potions of holy water
  O - a potion of water
 Rings    ('=')
  K - a blessed +1 ring of adornment
  v - a ring of stealth
  t - a ring of sustain ability
 Wands    ('/')
  S - a wand of light (0:13)
  x - a wand of make invisible (0:4)
  s - a wand of probing (0:4)
  q - a wand of sleep (0:8)
  u - a wand of undead turning (0:6)
 Tools    ('(')
  P - a sack containing 12 items
  r - a fire horn (0:7)
  Q - a blindfold
  B - a lock pick
 Gems/Stones  ('*')
  X - a worthless piece of black glass named junk
  V - a touchstone named touchstone

Contents of the sack:
  a clove of garlic
  a food ration
  a scroll of enchant armor
  a scroll of fire
  a scroll of food detection
  2 scrolls of remove curse
  a scroll of scare monster
  a scroll of teleportation
  a potion of extra healing
  a potion of fruit juice
  a potion of hallucination
  a potion of levitation

Eymerich the Priest's attributes:

Background:
 You were an Adept, a level 8 elven Priest.
 You were chaotic, on a mission for Manannan Mac Lir
 who was opposed by Lugh (lawful) and Brigit (neutral).
 You were right-handed.
 You were in the Dungeons of Doom, on level 6.
 You entered the dungeon 10805 turns ago.
 You had 1801 experience points, 759 more were needed to attain level 9.

Basics:
 You had 0 out of 46 hit points.
 You had all 75 energy points (spell power).
 Your armor class was 1.
 Your wallet contained 717 zorkmids.
 Autopickup was off.

Final Characteristics:
 Your strength was 15 (limit:18).
 Your dexterity was 12 (limit:18).
 Your constitution was 16 (limit:16).
 Your intelligence was 9 (limit:20).
 Your wisdom was 18 (peak:20, limit:20).
 Your charisma was 13 (limit:18).

Final Status:
 You were satiated.
 You were stressed; movement was moderately slowed.
 You were wielding a mace.
 You had expert skill with mace.

Final Attributes:
 You were piously aligned.
 You were sleep resistant.
 You were poison resistant.
 You were telepathic.
 You had infravision.
 You were invisible.
 You were guarded.
 Your spell casting was enhanced by wearing a robe.
 You are dead.

Miscellaneous:
 You didn't encounter any bones levels.
 Total elapsed playing time was 3 hours, 17 minutes and 47 seconds.

Major events:
 Turn
    1: Eymerich the chaotic elven Priest entered the dungeon
  617: attained the rank of Acolyte (level 3)
  924: entered the Gnomish Mines
 3789: attained the rank of Adept (level 6)
 9919: consulted the Oracle
10805: killed by a white unicorn

Spells:
 Name                 Level Category     Fail Retention
 protection             1   clerical       0%   41%-50%
 detect unseen          3   divination    73%   26%-50%
 healing                1   healing        0%  76%-100%
 confuse monster        1   enchantment    0%  76%-100%

Skills:
 Fighting Skills
   bare handed combat [Unskilled]
 Weapon Skills
   club               [Unskilled]
   mace               [Expert]
   morning star       [Unskilled]
   flail              [Unskilled]
   hammer             [Unskilled]
   quarterstaff       [Unskilled]
   polearms           [Unskilled]
   spear              [Unskilled]
   trident            [Unskilled]
   lance              [Unskilled]
   bow                [Basic]
   sling              [Unskilled]
   crossbow           [Unskilled]
   dart               [Unskilled]
   shuriken           [Unskilled]
   boomerang          [Unskilled]
   unicorn horn       [Unskilled]
 Spellcasting Skills
   healing spells     [Unskilled]
   divination spells  [Unskilled]
   clerical spells    [Basic]

Voluntary challenges:
 Character rerolling was not enabled.
 You never genocided any monsters.
 You never polymorphed an object.
 You never changed form.
 You used no wishes.
Achievements:
 You attained the rank of Acolyte.
 You entered the Gnomish Mines.
 You attained the rank of Adept.
 You entered a shop.
 You consulted the Oracle of Delphi.

 The Dungeons of Doom: levels 1 to 7
    Level 1:
       A fountain.
    Level 2: "vault"
       A sink, a grave.
       Stairs down to The Gnomish Mines.
    Level 3: "chest 31 items"
       A general store.
    Level 4:
       A fountain, a grave.
    Level 5:
       A general store, some fountains.
    Level 6: <- You were here.
       Final resting place for
          you, killed by a white unicorn.
    Level 7:
       Many fountains.
       Oracle of Delphi.
 The Gnomish Mines: levels 3 to 4
    Level 3:
    Level 4:


Vanquished creatures:
  a large mimic
  a small mimic
  a tengu
  a leprechaun
  a giant spider
  a horse
 an ice vortex
 an owlbear
  a housecat
  a dwarf leader
  a gnome mummy
 an ape
  3 human zombies
  a rope golem
  a soldier ant
  a bugbear
  a water nymph
 17 Mordor orcs
  3 Uruk-hai
  a rock piercer
  3 ponies
  a fog cloud
  2 shriekers
  4 gnome leaders
  a gnomish wizard
  a kobold mummy
  2 gray oozes
  4 elf zombies
  a ghoul
  3 straw golems
  2 paper golems
  6 giant ants
  4 floating eyes
  a kitten
  5 dwarves
  2 homunculi
 14 hill orcs
  a rothe
  2 giant bats
  8 dwarf zombies
  2 wererats
  a werejackal
  9 iguanas
  7 killer bees
  2 acid blobs
  a gas spore
  a hobbit
  3 manes
  2 large kobolds
  3 hobgoblins
  5 giant rats
  7 cave spiders
  2 brown molds
  4 yellow molds
  2 green molds
 19 gnomes
  8 garter snakes
  3 gnome zombies
  4 geckos
 18 jackals
  4 foxes
  2 kobolds
  2 goblins
  5 sewer rats
  3 grid bugs
 11 lichens
  3 kobold zombies
  7 newts
247 creatures vanquished.

No species were genocided or became extinct.

Game over:
                       ----------
                      /          \
                     /    REST    \
                    /      IN      \
                   /     PEACE      \
                  /                  \
                  |     Eymerich     |
                  |      717 Au      |
                  |   killed by a    |
                  |  white unicorn   |
                  |                  |
                  |                  |
                  |       2026       |
                 *|     *  *  *      | *
        _________)/\\_//(\/(/\)/\//\/|_)_______

Goodbye Eymerich the Priest...

You died in The Dungeons of Doom on dungeon level 6 with 8191 points,
and 717 pieces of gold, after 10805 moves.
You were level 8 with a maximum of 46 hit points when you died.

